 Dungeon Sprint DCSS version 0.28-a0-1506-g3893175d92 (webtiles) character file.

Game seed: 6412961949658947137

33831 tatocazan the Victor of a Thousand Battles (level 13, -23/96 HPs)
             Began as a Gargoyle Fighter on Jan 13, 2022.
             Was the Champion of Okawaru.
             Annihilated by an alligator snapping turtle (28 damage)
             ... in the Dungeon (Sprint IX: "|||||||||||||||||||||||||||||").
             The game lasted 00:11:35 (5152 turns).

tatocazan the Victor of a Thousand Battles (GrFi)   Turns: 5152, Time: 00:11:36

Health: -23/96     AC: 37    Str: 24    XL:     13   Next: 73%
Magic:  26/26      EV: 11    Int: 10    God:    Okawaru [******]
Gold:   1133       SH: 12    Dex: 14    Spells: 12/12 levels left

rFire   + . .      SeeInvis .   d - +2 eveningstar (holy)
rCold   . . .      Faith    .   q - +0 kite shield
rNeg    + . .      Spirit   .   f - +0 plate armour
rPois   ∞          Reflect  .   g - +0 helmet
rElec   +          Harm     .   (no cloak)
rCorr   .          Rampage  .   k - +0 pair of gloves of Ebripn {rF+ Dex+5}
Will    .....      NoTele   +   z - +1 pair of boots
Stlth   ..........              (no amulet)
HPRegen 0.26/turn               r - +2 ring of protection
MPRegen 0.20/turn               s - +2 ring of protection

@: mesmerised
A: sickness immunity, AC +9, negative energy resistance 1, electricity
resistance, torment resistance 1, petrification resistance
a: Renounce Religion, Heroism, Finesse


You were in the Dungeon.
You worshipped Okawaru.
Okawaru was exalted by your worship.
You visited 1 branch You collected 1937 gold pieces.
You spent 804 gold pieces at shops.

Inventory:

Hand Weapons
 d - a +2 eveningstar of holy wrath (weapon)
 n - a +2 vorpal morningstar
Missiles
 a - 4 javelins (quivered)
Armour
 f - a +0 plate armour (worn)
 g - a +0 helmet (worn)
 k - the +0 pair of gloves of Ebripn (worn) {rF+ Dex+5}
   (Okawaru gifted it to you in the Dungeon)

   Dex:       It affects your dexterity (+5).
   rF:        It protects you from fire.
 q - a +0 kite shield (worn)
 z - a +1 pair of boots (worn)
Jewellery
 c - a ring of positive energy
 r - a +2 ring of protection (left hand)
 s - a +2 ring of protection (right hand)
 w - a ring of protection from cold
Wands
 m - a wand of acid (1)
 o - a wand of iceblast (2)
Scrolls
 i - a scroll of fear
 j - 5 scrolls of blinking
 l - 2 scrolls of amnesia
 t - a scroll of fog
 u - a scroll of identify
 A - 4 scrolls of enchant weapon
 B - 2 scrolls of enchant armour
Potions
 b - 2 potions of brilliance
 e - 7 potions of curing
 h - 4 potions of magic
 p - a potion of resistance


   Skills:
 + Level 17.5 Fighting
 - Level 18.0 Maces & Flails
 + Level 17.5 Armour
 + Level 10.6 Dodging
 - Level 11.4 Shields
 * Level 18.8 Invocations


You had 12 spell levels left.
You didn't know any spells.
Your spell library contained the following spells:

 Spells                   Type           Power      Damage    Failure   Level
 Sting                    Tmut/Pois      0%         1d3       99%         1
 Poisonous Vapours        Pois/Air       0%         N/A       100%        2
 Olgreb's Toxic Radiance  Pois           0%         N/A       100%        4


Dungeon Overview and Level Annotations

Branches:
Dungeon (1/1)

Altars:
Cheibriados
Dithmenos
Elyvilon
Fedhas
Gozag
Hepliaklqana
Kikubaaqudgha
Makhleb
Nemelex Xobeh
Okawaru
Qazlal
Ru
Sif Muna
Trog
Uskayaw
Vehumet
Wu Jian
Xom
Yredelemnul
Zin
The Shining One
Beogh
Jiyva
Lugonu

Shops:
D ?*:(


Innate Abilities, Weirdness & Mutations

You are immune to sickness and miasma.
Your stone body is resilient. (AC +9)
You are immune to poison.
You resist negative energy. (rN+)
You are resistant to electric shocks. (rElec)
You are resistant to unholy torment.
You are immune to petrification.


Message History

The merfolk avatar chants its luring song.
You take 7 damage, and have 44/96 hp.
You impale the sea snake!!
You kill the sea snake!
Okawaru accepts your kill. The harpy closely misses you.
The harpy claws you but does no damage.
The merfolk avatar chants its luring song.
You puncture the harpy!
The harpy is moderately wounded.
The harpy claws you. You block the harpy's attack. The harpy claws you.
The harpy closely misses you.
You take 7 damage, and have 37/96 hp.
You hit the harpy.
The harpy is moderately wounded.
The merfolk avatar chants its luring song.
You block the harpy's attack. The harpy barely misses you.
You sock the harpy!
The harpy is severely wounded.
The harpy closely misses you. The harpy claws you.
The harpy claws you but does no damage. You block the harpy's attack.
The merfolk avatar chants its luring song.
You take 4 damage, and have 33/96 hp.
You bludgeon the harpy!!
You kill the harpy!
Okawaru accepts your kill.
The pull of its song draws you forwards.
The merfolk avatar chants its luring song.
The alligator snapping turtle bites you from afar!!
* * * LOW HITPOINT WARNING * * *
The merfolk avatar chants its luring song.
You take 21 damage, and have 12/96 hp.
MASSIVE DAMAGE!!
You closely miss the merfolk avatar.
The alligator snapping turtle bites you from afar!
* * * LOW HITPOINT WARNING * * *
The merfolk avatar chants its luring song.
You closely miss the merfolk avatar. You barely miss the merfolk avatar.
The merfolk avatar chants its luring song.
The alligator snapping turtle bites you from afar!!
You die...

_▓.▓.▓.▓)▓.▓.▓.▓
_▓.▓.▓.▓)▓.▓.▓.▓+▓
_▓.▓.▓.▓)▓.▓.▓.▓.▓
_▓.▓.▓.▓)▓.▓.▓.▓.▓
_▓.▓.▓.▓)▓.▓.▓.▓.▓
_▓.▓÷▓.▓)▓.▓[▓.▓E▓
_▓.▓)▓.▓)▓.▓.▓.▓t▓
_▓.▓.▓.▓)▓.▓[▓.▓m▓
_▓.▓.▓.▓)▓.▓[▓.▓@▓
_▓.▓.▓.▓)▓.▓[▓.▓)▓
_▓.▓.▓.▓.▓.▓.▓.▓.▓
_▓.▓.▓.▓.▓[▓[▓.▓'▓
_▓.▓.▓.▓.▓.▓[▓.♣.♣
_▓.▓.▓.▓.▓.▓.▓.♣.♣
_▓.▓.▓.▓.▓.▓)▓.♣.♣
_▓.▓†▓.▓)▓.▓)▓.♣.♣
_▓.▓.▓.▓)▓.▓)▓.♣.♣


You could see an alligator snapping turtle, a merfolk avatar (mesmerising) and a
water elemental.

Vanquished Creatures
  Saint Roka (D)
  Rupert (D)
  Gastronok (D)
  Nessos (D)
  A bunyip (D)
  An eleionoma (D)
  A spark wasp (D)
  3 ettins (D)
  A merfolk impaler (D)
  2 catoblepae (D)
  A spriggan air mage (D)
  2 hydras (D)
  A merfolk avatar (D)
  A centaur warrior (D)
  A two-headed ogre (D)
  A deep troll shaman (D)
  A tengu warrior (D)
  Urug (D)
  A glowing orange brain (D)
  2 sea snakes (D)
  3 spriggan druids (D)
  5 orc knights (D)
  A swamp dragon (D)
  2 orc sorcerers (D)
  2 deep elf pyromancers (D)
  A harpy (D)
  An ugly thing (D)
  A cyclops (D)
  2 will-o-the-wisps (D)
  A manticore (D)
  A guardian serpent (shapeshifter) (D)
  A black mamba (D)
  4 cane toads (D)
  A gargoyle (D)
  A torpor snail (D)
  2 komodo dragons (D)
  An efreet (D)
  A tyrant leech (D)
  2 blink frogs (D)
  2 shadows (D)
  2 wyverns (D)
  A hog (D)
  2 basilisks (D)
  2 yaks (D)
  3 vampire mosquitoes (D)
  A warg (D)
  4 water moccasins (D)
  A black bear (D)
  22 orc warriors (D)
  3 bullfrogs (D)
  2 howler monkeys (D)
  2 hounds (D)
  An orc priest (D)
  An iguana (D)
  A hell rat (D)
  An adder zombie (D)
  13 orcs (D)
  2 endoplasms (D)
  A hobgoblin (D)
  A jackal (D)
  A rat (D)
127 creatures vanquished.

Vanquished Creatures (others)
  A bat simulacrum (D)
  3 foxfires (D)
4 creatures vanquished.

Grand Total: 131 creatures vanquished

Notes
Turn   | Place    | Note
-------+----------+-------------------------------------------
     0 | D        | tatocazan the Gargoyle Fighter began the quest for the Orb.
     0 | D        | Reached XP level 1. HP: 14/14 MP: 1/1
   211 | D        | Noticed an iguana
   211 | D        | Noticed a black bear
   211 | D        | Noticed a hound
   211 | D        | Noticed a hound
   216 | D        | Killed a hound
   217 | D        | Reached XP level 2. HP: 20/20 MP: 2/2
   217 | D        | Reached XP level 3. HP: 24/24 MP: 3/3
   226 | D        | Reached skill level 5 in Fighting
   226 | D        | Reached skill level 5 in Maces & Flails
   226 | D        | Reached skill level 5 in Armour
   226 | D        | Reached skill level 5 in Shields
   226 | D        | Reached XP level 4. HP: 25/31 MP: 4/4
   233 | D        | Killed a black bear
   234 | D        | Reached XP level 5. HP: 22/36 MP: 5/5
   371 | D        | Found a snail-covered altar of Cheibriados.
   371 | D        | Found a shadowy altar of Dithmenos.
   371 | D        | Found a white marble altar of Elyvilon.
   371 | D        | Found a blossoming altar of Fedhas.
   371 | D        | Found an opulent altar of Gozag.
   372 | D        | Found a hazy altar of Hepliaklqana.
   373 | D        | Found a viscous altar of Jiyva.
   374 | D        | Found an ancient bone altar of Kikubaaqudgha.
   375 | D        | Found a corrupted altar of Lugonu.
   376 | D        | Found a burning altar of Makhleb.
   377 | D        | Found a sparkling altar of Nemelex Xobeh.
   378 | D        | Found an iron altar of Okawaru.
   379 | D        | Found a stormy altar of Qazlal.
   380 | D        | Found a sacrificial altar of Ru.
   381 | D        | Found a shimmering blue altar of Sif Muna.
   382 | D        | Found a bloodstained altar of Trog.
   383 | D        | Found a hide-covered altar of Uskayaw.
   384 | D        | Found a radiant altar of Vehumet.
   385 | D        | Found an ornate altar of the Wu Jian Council.
   406 | D        | Found a shimmering altar of Xom.
   407 | D        | Found a basalt altar of Yredelemnul.
   408 | D        | Found a glowing silver altar of Zin.
   409 | D        | Found a glowing golden altar of the Shining One.
   436 | D        | Became a worshipper of Warmaster Okawaru
   492 | D        | Noticed a two-headed ogre
   492 | D        | Noticed a shadow
   492 | D        | Noticed a shadow
   492 | D        | Noticed a wyvern
   496 | D        | Killed a wyvern
   496 | D        | Reached * piety under Okawaru
   497 | D        | Reached XP level 6. HP: 44/44 MP: 6/6
   500 | D        | Killed a shadow
   501 | D        | Reached XP level 7. HP: 32/49 MP: 7/7
   506 | D        | Killed a shadow
   506 | D        | Reached ** piety under Okawaru
   507 | D        | Reached skill level 10 in Maces & Flails
   510 | D        | Killed a two-headed ogre
   511 | D        | Reached XP level 8. HP: 18/56 MP: 8/8
   921 | D        | Noticed a cyan ugly thing
   921 | D        | Noticed a gargoyle
   921 | D        | Noticed a manticore
   921 | D        | Noticed a deep elf pyromancer
   931 | D        | Killed a deep elf pyromancer
   931 | D        | Reached *** piety under Okawaru
   932 | D        | Reached skill level 10 in Fighting
   932 | D        | Reached skill level 10 in Armour
   932 | D        | Reached skill level 10 in Shields
   932 | D        | Reached XP level 9. HP: 19/62 MP: 9/9
   933 | D        | Killed a manticore
   941 | D        | Killed a cyan ugly thing
   941 | D        | Reached **** piety under Okawaru
   943 | D        | Killed a gargoyle
  1135 | D        | Noticed a cane toad
  1135 | D        | Noticed a komodo dragon
  1135 | D        | Noticed a cane toad
  1141 | D        | Killed a cane toad
  1141 | D        | Reached ***** piety under Okawaru
  1142 | D        | Reached skill level 1 in Dodging
  1148 | D        | HP: 2/64 [komodo dragon (21)]
  1149 | D        | Killed a komodo dragon
  1150 | D        | Reached XP level 10. HP: 2/71 MP: 7/12
  1161 | D        | Killed a cane toad
  1178 | D        | Reached skill level 5 in Invocations
  1203 | D        | Noticed a black mamba
  1203 | D        | Noticed a torpor snail
  1211 | D        | Killed a torpor snail
  1212 | D        | Reached skill level 15 in Maces & Flails
  1222 | D        | Killed a black mamba
  1222 | D        | Identified the +2 rapier of Hubris {drain, *Rage Fly
                  | Will+++ Str+5} (Okawaru gifted it to you in the Dungeon)
  1222 | D        | Received a gift from Okawaru
  1535 | D        | Noticed a cane toad
  1535 | D        | Noticed a cane toad
  1544 | D        | Killed a cane toad
  1556 | D        | Reached XP level 11. HP: 74/76 MP: 15/17
  1970 | D        | Noticed Urug
  1985 | D        | Killed Urug
  2122 | D        | Noticed an ettin
  2136 | D        | Killed an ettin
  2136 | D        | Received a gift from Okawaru
  2137 | D        | Reached skill level 5 in Dodging
  2458 | D        | Noticed an orc sorcerer
  2461 | D        | Reached skill level 10 in Invocations
  2475 | D        | Killed an orc sorcerer
  2676 | D        | Found Voisunil's Antique Weapon Boutique.
  2676 | D        | Noticed an orc knight
  2677 | D        | Noticed an orc knight
  2687 | D        | Killed an orc knight
  2692 | D        | Killed an orc knight
  2694 | D        | Found Wisuguent's Book Shop.
  2698 | D        | Found Hoegy's General Store.
  2700 | D        | Found Qoesil's Magic Scroll Shop.
  2701 | D        | Noticed an orc knight
  2713 | D        | Noticed an orc knight
  2717 | D        | Noticed an orc knight
  2725 | D        | Killed an orc knight
  2730 | D        | Killed an orc knight
  2736 | D        | Killed an orc knight
  2737 | D        | Reached XP level 12. HP: 16/85 MP: 19/21
  3024 | D        | Bought a scroll of blinking for 90 gold pieces
  3024 | D        | Bought a scroll of blinking for 90 gold pieces
  3024 | D        | Bought a scroll of acquirement for 624 gold pieces
  3113 | D        | Noticed Gastronok
  3115 | D        | Acquired a +0 buckler of reflection
  3130 | D        | Killed Gastronok
  3130 | D        | Reached ****** piety under Okawaru
  3130 | D        | Received a gift from Okawaru
  3269 | D        | Noticed a catoblepas
  3269 | D        | Noticed a centaur warrior
  3275 | D        | Killed a centaur warrior
  3276 | D        | Noticed a catoblepas
  3276 | D        | Noticed a deep troll shaman
  3284 | D        | Killed a catoblepas
  3284 | D        | Noticed a spark wasp
  3285 | D        | Noticed a tengu warrior
  3287 | D        | Noticed an ettin
  3294 | D        | Killed a catoblepas
  3298 | D        | Noticed an ettin
  3311 | D        | Killed a deep troll shaman
  3312 | D        | Reached skill level 15 in Fighting
  3323 | D        | Killed a spark wasp
  3324 | D        | Reached skill level 15 in Armour
  3330 | D        | Killed a tengu warrior
  3340 | D        | Killed an ettin
  3340 | D        | Received a gift from Okawaru
  3344 | D        | Killed an ettin
  3348 | D        | Noticed a spriggan air mage
  3357 | D        | Reached skill level 15 in Invocations
  3367 | D        | Killed a spriggan air mage
  3761 | D        | Noticed Saint Roka
  3795 | D        | Killed Saint Roka
  3796 | D        | Reached XP level 13. HP: 29/93 MP: 17/25
  4136 | D        | Noticed Nessos
  4163 | D        | Killed Nessos
  4164 | D        | Noticed Rupert
  4165 | D        | Paralysed by Rupert for 2 turns
  4450 | D        | Killed Rupert
  4450 | D        | Identified the +0 pair of gloves of Ebripn {rF+ Dex+5}
                  | (Okawaru gifted it to you in the Dungeon)
  4450 | D        | Received a gift from Okawaru
  4666 | D        | Noticed a bunyip
  4666 | D        | Noticed an eleionoma
  4672 | D        | Killed an eleionoma
  4710 | D        | Killed a bunyip
  4711 | D        | Reached skill level 10 in Dodging
  5117 | D        | Noticed a merfolk impaler
  5139 | D        | Killed a merfolk impaler
  5150 | D        | HP: 4/96 [alligator snapping turtle (8)]
  5152 | D        | Annihilated by an alligator snapping turtle

Illustrated notes

Levels and vault maps discovered:
D:        linesprint [early_d, line_temple, items_1, d_10, items_2, lair_1,
          lair_end, items_3, orc_1, orc_end, items_4, d_15, swamp_1, shoals_1,
          snake_1, spider_1, d_20, vaults_1, items_5, swamp_end, shoals_end,
          snake_end, spider_end, vaults_end, d_27, items_6, zot_1, zot_end,
          crypt_end, forest_end, elf_end, slime_end, tomb_end, abyss_end,
          pan_hell_end]

Skill      XL: |  1  2  3  4  5  6  7  8  9 10 11 12 13 |
---------------+----------------------------------------+-----
Maces & Flails | 4 5 6 8 9 11 12 14 15 17 18 | 18.0
Fighting       | 4 5 6 7 8 9 10 11 12 14 16 17 | 17.5
Armour         | 4 5 6 7 8 9 10 11 12 14 16 17 | 17.5
Shields        | 4 5 6 7 8 9 10 11 | 11.4
Dodging        | 1 4 6 9 10 | 10.6
Invocations    | 3 8 12 16 18 | 18.8

Action                   |  1- 3 |  4- 6 |  7- 9 | 10-12 | 13-15 || total
-------------------------+-------+-------+-------+-------+-------++-------
Melee: Flail             |    25 |    16 |       |       |       ||    41
       Morningstar       |       |     7 |    47 |   286 |       ||   340
       Eveningstar       |       |       |       |   102 |   122 ||   224
Throw: Javelin           |       |       |       |       |     2 ||     2
Invok: Heroism           |       |       |     1 |     4 |     2 ||     7
       Finesse           |       |       |       |     3 |     1 ||     4
Evoke: Wand              |       |       |     3 |     6 |       ||     9
  Use: Potion            |     1 |     1 |     2 |    11 |       ||    15
       Scroll            |       |       |       |     2 |     2 ||     4
 Stab: Petrified         |       |       |       |    10 |       ||    10
       Invisible         |       |       |       |     2 |     1 ||     3
Armor: Scale mail        |    14 |     9 |       |       |       ||    23
       Ring mail         |       |     4 |    14 |    44 |       ||    62
       Chain mail        |       |       |       |    39 |       ||    39
       Plate armour      |       |       |       |       |    68 ||    68
Dodge: Dodged            |    17 |     5 |     9 |   100 |    41 ||   172
Block: Buckler           |     4 |     3 |     6 |    53 |     1 ||    67
       Kite shield       |       |       |       |       |    79 ||    79

Table legend: (Time is in decaauts)
 A = Elapsed time spent in this place.
 B = Non-inter-level travel time spent in this place.
 C = Inter-level travel time spent in this place.
 D = Time resting spent in this place.
 E = Time spent auto-exploring this place.
 F = Levels seen in this place.
 G = Mean time per level.
                   A        B        C        D        E       F      G
               +--------+--------+--------+--------+--------+-----+--------+
         Total |   4971 |   4971 |      0 |   2807 |   1094 |   1 | 4971.0 |
       Dungeon |   4971 |   4971 |      0 |   2807 |   1094 |   1 | 4971.0 |
               +--------+--------+--------+--------+--------+-----+--------+

Top non-repeatable levels by time:
       D: 4971 daAuts
